Map: Cascade

Players

ShoWTimE

  • Race: Protoss Protoss
  • League: Master
  • Spawn Location: 1:00

MaxPax - Winner!

  • Race: Protoss Protoss
  • League: Grandmaster
  • Spawn Location: 7:00

VOD

Have the link to the VOD?

Description

Time

  • Played on: Oct. 21, 2022, 1:25 p.m.
  • Length: 6:02
Show
View Real Time Build Order
Export as new Build Order

ShoWTimE Protoss 

Build Orders: Phoenix Opening, Mass Phoenix 

Get SALT Encoding   

  12  0:00  Probe  
  13  0:12  Probe  
  14  0:17  Pylon  
  14  0:24  Probe (Chrono Boost)  
  15  0:36  Probe (Chrono Boost)  
  15  0:37  Gateway  
  16  0:44  Probe (Chrono Boost)  
  16  0:46  Assimilator  
  17  0:50  Probe  
  18  1:03  Probe (Chrono Boost)  
  19  1:04  Assimilator  
  19  1:06  Pylon  
  19  1:15  Probe (Chrono Boost)  
  20  1:22  Probe (Chrono Boost)  
  20  1:24  Cybernetics Core  
  21  1:29  Probe  
  22  1:34  Zealot  
  24  1:41  Probe  
  25  1:53  Probe  
  26  2:01  Stargate  
  26  2:05  Probe  
  27  2:21  Nexus  
  27  2:25  Probe  
  28  2:32  Pylon  
  28  2:43  Phoenix (Chrono Boost)  
  30  2:46  Pylon  
  30  2:49  Probe  
  31  2:59  Phoenix (Chrono Boost)  
  31  3:01  Probe  
  34  3:13  Probe  
  34  3:19  Phoenix (Chrono Boost)  
  37  3:21  Assimilator  
  37  3:25  Probe  
  38  3:34  Probe  
  38  3:37  Phoenix (Chrono Boost), Probe  
  42  3:46  Stargate  
  42  3:47  Probe  
  43  3:50  Probe  
  44  3:57  Phoenix  
  44  4:00  Probe  
  44  4:02  Probe  
  48  4:12  Probe  
  48  4:13  Assimilator  
  48  4:14  Probe  
  50  4:22  Phoenix (Chrono Boost)  
  52  4:24  Probe  
  52  4:26  Probe  
  52  4:27  Pylon  
  54  4:36  Probe  
  57  4:39  Phoenix (Chrono Boost), Probe  
  57  4:44  Phoenix (Chrono Boost)  
  60  4:48  Probe  
  60  4:51  Probe  
  60  4:52  Pylon  
  64  5:00  Probe  
  64  5:02  Phoenix (Chrono Boost)  
  64  5:03  Probe  
  64  5:04  Phoenix (Chrono Boost)  
  68  5:13  Probe  
  69  5:20  Phoenix (Chrono Boost)  
  71  5:21  Fleet Beacon  
  62  5:36  Phoenix (Chrono Boost), Probe  
  62  5:37  Probe  
  62  5:38  Pylon  
  62  5:41  Phoenix (Chrono Boost)  
Show
View Real Time Build Order
Export as new Build Order

MaxPax Protoss - Winner!

Build Orders: Phoenix Opening, Mass Phoenix 

Get SALT Encoding   

  12  0:00  Probe  
  13  0:12  Probe  
  14  0:18  Pylon  
  14  0:24  Probe (Chrono Boost)  
  15  0:36  Probe (Chrono Boost)  
  15  0:37  Gateway  
  16  0:45  Probe (Chrono Boost)  
  16  0:46  Assimilator  
  17  0:51  Probe  
  18  1:03  Probe (Chrono Boost)  
  19  1:04  Assimilator  
  19  1:13  Pylon  
  19  1:15  Probe (Chrono Boost)  
  20  1:22  Probe (Chrono Boost)  
  21  1:26  Cybernetics Core  
  21  1:29  Probe  
  22  1:33  Zealot  
  24  1:43  Probe  
  25  1:55  Probe  
  26  2:02  Adept  
  26  2:03  Stargate  
  28  2:23  Nexus  
  28  2:30  Pylon  
  28  2:33  Probe  
  29  2:45  Phoenix (Chrono Boost)  
  29  2:48  Probe  
  32  3:00  Probe  
  32  3:01  Phoenix (Chrono Boost)  
  35  3:09  Assimilator  
  35  3:12  Probe  
  36  3:21  Stargate  
  36  3:24  Probe  
  36  3:27  Phoenix (Chrono Boost)  
  38  3:36  Probe  
  38  3:37  Probe  
  40  3:44  Phoenix (Chrono Boost)  
  40  3:48  Probe  
  43  3:49  Probe  
  44  4:00  Probe  
  44  4:01  Probe  
  46  4:03  Phoenix (Chrono Boost)  
  50  4:12  Probe  
  50  4:15  Assimilator  
  50  4:16  Phoenix (Chrono Boost), Probe  
  52  4:19  Pylon  
  52  4:25  Phoenix (Chrono Boost)  
  54  4:36  Pylon  
  54  4:37  Probe x2  
  58  4:46  Phoenix (Chrono Boost)  
  58  4:49  Phoenix (Chrono Boost), Probe  
  61  4:53  Probe  
  62  5:02  Probe  
  62  5:05  Phoenix (Chrono Boost), Probe  
  66  5:07  Pylon  
  66  5:08  Phoenix  
  68  5:20  Probe  
  67  5:26  Probe  
  62  5:36  Phoenix (Chrono Boost)  
  62  5:37  Phoenix (Chrono Boost)  
  62  5:41  Nexus  
  62  5:42  Probe  
Tags
 
Add a new tag
Caveats
  • Supply blocks, unpowered buildings, or Contaminate may cause inaccurate times.
  • Supply counts are checked every 10 seconds.